 Dungeon Crawl Stone Soup version bcrawl-1.21.2-28-g2cb1824106 (webtiles) character file.

Game seed: 13463810438955790487

401 MisterOstroum the Scratcher (level 6, 4/38 HPs)
             Began as a Felid Martial Artist on Mar 6, 2020.
             Was a Priest of Wu Jian.
             Quit the game on level 5 of the Dungeon.
             The game lasted 00:07:51 (4646 turns).

MisterOstroum the Scratcher (Felid Martial Artist)  Turns: 4646, Time: 00:07:52

Health: 4/38       AC:  4    Str: 10    XL:     6   Next: 85%
Magic:  4/9        EV: 20    Int: 10    God:    Wu Jian [***...]
Gold:   414        SH:  0    Dex: 17    Spells: 6/7 levels left
                                        Lives:  1   Deaths: 1

rFire    . . .     SeeInvis +     - Unarmed
rCold    . . .     Gourm    .   (shield unavailable)
rNeg     . . .     Faith    .   (armour unavailable)
rPois    .         Spirit   +   (helmet unavailable)
rElec    .         Reflect  .   (cloak restricted)
rCorr    .         Harm     .   (gloves unavailable)
MR       .....                  (boots unavailable)
Stlth    +++.......             g - amulet of guardian spirit
HPRegen  0.12/turn              (no ring)
MPRegen  0.11/turn              (no ring)

@: drained, quick
A: very small, no armour, no weapons or thrown items, stealth, claws 1, fangs 3,
slimy green scales 1, see invisible, carnivore, clumsy 1, speed 1, robust 1,
shaggy fur 2, slow metabolism 1, wild magic 1, sharp paws
a: Wall Jump, Serpent's Lash, Renounce Religion


You were on level 5 of the Dungeon.
You worshipped Wu Jian.
Wu Jian was most pleased with you.
You were full.

You visited 2 branches of the dungeon, and saw 7 of its levels.

You collected 414 gold pieces.

Inventory:

Jewellery
 g - an amulet of guardian spirit (around neck)
Wands
 m - a wand of disintegration (10)
 r - a wand of polymorph (14)
Scrolls
 b - a scroll of fog {unknown}
 c - 2 scrolls of identify {unknown}
 d - a scroll of fear {unknown}
 f - 2 scrolls of remove curse {unknown}
 j - 3 scrolls of teleportation {unknown}
 o - a scroll of enchant weapon {unknown}
 p - 3 scrolls of enchant armour {unknown}
Potions
 a - a potion of agility {@q5 !q}
 h - a potion of flight {unknown}
 i - 2 potions of invisibility {unknown}
 k - 3 potions of mutation
 n - a potion of might {unknown}
 q - a potion of heal wounds {unknown}
 s - a potion of berserk rage {unknown}
Comestibles
 e - 6 rations {!d}
 t - 2 chunks of flesh


   Skills:
 * Level 5.2(4.5) Fighting
 + Level 5.6(4.8) Dodging
 - Level 4.6(3.9) Stealth
 * Level 7.0(6.2) Unarmed Combat
 - Level 1.3(0.6) Spellcasting
 - Level 1.9(1.2) Hexes
 + Level 2.7(2.0) Evocations


You had 6 spell levels left.
You knew the following spells:

 Your Spells              Type           Power        Failure   Level  Hunger
a - Confusing Touch       Hex            #.......     30%         1    ##.....
Your spell library was empty.

Dungeon Overview and Level Annotations

Branches:
Dungeon (6/12)             Temple (1/1) D:4

Altars:
Gozag
Qazlal

Shops:
D:4 [

Annotations:
D:4 Menkaure
D:6 Eustachio


Innate Abilities, Weirdness & Mutations

You cannot wear almost all types of armour.
You are incapable of wielding weapons or throwing items.
Your paws allow you to move quietly. (Stealth)
You have sharp claws.
You have razor-sharp teeth.
You have supernaturally acute eyesight. (SInv)
You are carnivorous and can eat meat at any time.
You cover ground quickly.
You are covered in thick fur. (AC +2)
You have a slow metabolism.
Your sharp claws are effective at attacking unaware monsters.
You are partially covered in slimy green scales. (AC +2)
You are clumsy. (Dex -2)
You are robust. (+10% HP)
Your spells are a little harder to cast, but a little more powerful.


Message History

The orc warrior is heavily wounded.
You spin and attack the orc priest.
You scratch the orc priest.
The orc priest is severely wounded.
You spin and attack the jackal.
You barely miss the jackal. The orc warrior closely misses you.
The jackal completely misses you.
Casting: Confusing Touch (safe; 22% risk of failure)
Confirm with . or Enter, or press ? or * to list all spells.
You don't know that spell.
Your muscles tense, ready for explosive movement...
You spin and attack the orc warrior repeatedly, with incredible momentum.
You scratch the orc warrior.
The orc warrior is severely wounded.
You claw the orc warrior!
You blow up the orc warrior!
The Council accepts your kill.
You spin and attack the orc priest, with incredible momentum.
You scratch the orc priest.
You blow up the orc priest!
The Council accepts your kill.
You spin and attack the jackal, with incredible momentum.
You scratch the jackal.
You blow up the jackal!
The Council accepts your kill.
You feel drained.
Your supernatural speed expires.
The white imp disappears in a puff of smoke!
A shadow imp comes into view.
Found 8 gold pieces.
There is an escape hatch in the ceiling here.
Really go through this one-way escape hatch?
The shadow imp shouts!
The shadow imp laughs crazily.
A mysterious force pulls you upwards. The hatch slams shut behind you.
You feel less exhausted.
There is an escape hatch in the floor here.
You start resting.
Eating one of 5 chunks of flesh.
You eat one of the 5 chunks of flesh.
This raw flesh tastes great.
Eating one of 4 chunks of flesh.
You eat one of the 4 chunks of flesh.
This raw flesh tastes great.
Eating one of 3 chunks of flesh.
You eat one of the 3 chunks of flesh.
This raw flesh tastes great.
The adder is too close now for your liking.
Your magical contamination has completely faded away.
You see here an uncursed ring of see invisible.
You see here an uncursed ring of see invisible.
The ogre shouts!
The gnoll sergeant barely misses you.
There is a stone staircase leading down here.
You see here the felid corpse of MisterOstroum.
The gnoll sergeant hits you with a +0 spear.
* * * LOW HITPOINT WARNING * * *
You claw the gnoll sergeant!
The gnoll sergeant is severely wounded.
The gnoll sergeant closely misses you.
Your muscles tense, ready for explosive movement...
You spin and attack the gnoll sergeant, with incredible momentum.
You scratch the gnoll sergeant but do no damage.
You claw the gnoll sergeant, but do no damage.
The gnoll sergeant is severely wounded.
You spin and attack the gnoll sergeant, with incredible momentum.
You scratch the gnoll sergeant.
The gnoll sergeant is almost dead.
You feel drained.
Your supernatural speed expires.
You spin and attack the gnoll sergeant.
You scratch the gnoll sergeant but do no damage.
The gnoll sergeant is almost dead.
You scratch the gnoll sergeant.
The gnoll sergeant is almost dead.
The gnoll sergeant hits you with a +0 spear.
* * * LOW HITPOINT WARNING * * *
You spin and attack the gnoll sergeant.
You closely miss the gnoll sergeant.
The gnoll sergeant is almost dead.
The gnoll sergeant completely misses you.
The ogre shouts!
You scratch the gnoll sergeant but do no damage.
The gnoll sergeant is almost dead.
You hear a shout!
The gnoll sergeant closely misses you.
The gnoll sergeant hits you from afar with a +0 spear!
* * * LOW HITPOINT WARNING * * *
There is a stone staircase leading down here.
You see here the felid corpse of MisterOstroum.
You feel less exhausted.
You can't grasp things well enough to throw them.
You can't grasp things well enough to throw them.
Evoke which item? (* to show all) (? for menu, Esc to quit)
Huh?
Evoke which item? (* to show all) (? for menu, Esc to quit)
Aiming: Disintegrate
Press: ? - help, Shift-Dir - straight line, f - gnoll sergeant
Aim: a gnoll sergeant, wielding a +0 spear, wearing a cursed +0 scale mail and wearing a +2 buckler (almost dead, chance to defeat MR: 74%)
The gnoll sergeant struggles to resist.
Evoke which item? (* to show all) (? for menu, Esc to quit)
Aiming: Disintegrate
Press: ? - help, Shift-Dir - straight line, f/p - gnoll sergeant
Aim: a gnoll sergeant, wielding a +0 spear, wearing a cursed +0 scale mail and wearing a +2 buckler (almost dead, chance to defeat MR: 74%)
The gnoll sergeant is blasted!!
You blow up the gnoll sergeant!
The Council accepts your kill.
The ogre shouts!
Are you sure you want to abandon this character and quit the game? (Confirm with "yes".)

....#..# #.# #........#####
......[#### #.# ####.###.#
..........# #.# #.# #.#
..#>##.##.# #.# #.# #.#
.##.##.##.###.# #.# #.#####
..............# ##.###..)<..
.##.##.##.##..# ######...........
.##.##.##.##..###.......#########
. #.......O)....@......## #
####.....#######.##### #
.########..# #<# # ......###..#
#.# # ...........# #.####### .
.........).# #........ .
.####.#.##.# #..######
#.#.##.#######........
#.#.##..........######


You could see an ogre.

Vanquished Creatures
  An orc warrior (D:6)
  An ice beast (D:5)
  A gnoll sergeant (D:5)
  A scorpion (D:5)
  A bullfrog zombie (D:5)
  An orc priest (D:6)
  Ijyb (D:3)
  Terence (D:2)
  An orc wizard (D:6)
  An iguana (D:5)
  A worker ant (D:4)
  A hound skeleton (D:4)
  Robin (D:2)
  9 gnolls
  A howler monkey skeleton (D:4)
  5 adders
  An ooze (D:3)
  An adder zombie (D:3)
  An adder skeleton (D:4)
  4 worms
  4 dart slugs
  A leopard gecko (D:1)
  9 orcs
  5 bats
  5 giant cockroaches
  4 goblins
  8 hobgoblins
  17 jackals
  13 kobolds
  5 quokkas
  4 frilled lizards
  4 rats
114 creatures vanquished.

Notes
Turn   | Place    | Note
-------+----------+-------------------------------------------
     0 | D:1      | MisterOstroum the Felid Martial Artist began the quest for
                  | the Orb.
     0 | D:1      | Reached XP level 1. HP: 12/12 MP: 3/3
   169 | D:1      | Reached XP level 2. HP: 16/16 MP: 5/5
   848 | D:2      | Reached XP level 3. HP: 20/20 MP: 6/6
   943 | D:2      | Found a faded altar of an unknown god.
  1133 | D:2      | Noticed Robin
  1140 | D:2      | Killed Robin
  1161 | D:2      | Reached ** piety under Wu Jian
  1636 | D:2      | Reached skill level 5 in Unarmed Combat
  1636 | D:2      | Noticed Terence
  1642 | D:2      | Killed Terence
  1743 | D:3      | Reached XP level 4. HP: 24/24 MP: 7/7
  1853 | D:3      | Noticed Ijyb
  1875 | D:4      | Found a staircase to the Ecumenical Temple.
  1884 | Temple   | Entered the Ecumenical Temple
  2453 | D:4      | Found Iphe's Armour Boutique.
  2503 | D:3      | Reached XP level 5. HP: 28/28 MP: 8/8
  2567 | D:3      | Gained mutation: You are clumsy. (Dex -2) [potion of
                  | mutation]
  2567 | D:3      | Gained mutation: You are partially covered in slimy green
                  | scales. (AC +2) [potion of mutation]
  2567 | D:3      | Gained mutation: Your spells are a little harder to cast,
                  | but a little more powerful. [potion of mutation]
  2567 | D:3      | Gained mutation: You are robust. (+10% HP) [potion of
                  | mutation]
  3023 | D:3      | Reached *** piety under Wu Jian
  3107 | D:3      | Reached skill level 1 in Evocations
  3214 | D:3      | Killed Ijyb
  3623 | D:4      | Noticed Menkaure
  3684 | D:5      | Entered Level 5 of the Dungeon
  3684 | D:5      | Gained mutation: You are covered in thick fur. (AC +2)
                  | [Felid growth]
  3684 | D:5      | Reached XP level 6. HP: 36/36 MP: 9/9
  3721 | D:5      | Reached skill level 6 in Unarmed Combat
  3721 | D:5      | Noticed an ice beast
  3743 | D:5      | Killed an ice beast
  3797 | D:5      | Reached skill level 5 in Dodging
  4487 | D:5      | Reached XP level 7. HP: 41/41 MP: 10/10
  4505 | D:6      | Noticed Eustachio
  4516 | D:6      | Reached skill level 5 in Fighting
  4524 | D:5      | Demolished by an ogre
  4525 | D:5      | Reached XP level 6. HP: -14/38 MP: 0/9
  4535 | D:6      | Noticed an orc warrior
  4535 | D:6      | Reached skill level 7 in Unarmed Combat
  4543 | D:6      | Killed an orc warrior
  4646 | D:5      | Quit the game

Skill      XL: |  1  2  3  4  5  6  7 |
---------------+----------------------+-----
Stealth        | 2 3 4 |  4.6
Unarmed Combat | 5 7 |  7.0
Evocations     | 1 2 |  2.7
Fighting       | 4 5 |  5.2
Dodging        | 5 |  5.6
Spellcasting   | |  1.3
Hexes          | |  1.9

Action                   |  1- 3 |  4- 6 |  7- 9 || total
-------------------------+-------+-------+-------++-------
Melee: Unarmed           |   119 |   252 |    29 ||   400
       Bite              |     5 |    18 |     2 ||    25
       Punch             |     2 |    10 |       ||    12
 Cast: Confusing Touch   |     3 |    11 |     1 ||    15
Invok: Lunge             |    15 |    30 |     1 ||    46
       Whirlwind         |     8 |    34 |    27 ||    69
 Abil: Serpent's Lash    |       |     3 |     1 ||     4
Evoke: Wand              |       |     4 |       ||     4
  Use: Potion            |       |     1 |       ||     1
 Stab: Sleeping          |    15 |    11 |       ||    26
       Distracted        |       |     1 |       ||     1
  Eat: Chunk             |     9 |     9 |       ||    18
Armor: Skin              |     7 |    12 |       ||    19
Dodge: Dodged            |   100 |   170 |    22 ||   292
